 Dungeon Crawl Stone Soup version 0.31-a0-1540-g5a0b83f448 (webtiles) character file.

Game seed: 6234106263086648710

5387 osuadh the Basher (level 10, -5/56 HPs)
             Began as a Gargoyle Fighter on Jan 2, 2024.
             Was a Believer of Makhleb.
             Killed by an exploding orc warrior (42 damage)
             ... ignited by their inner flame
             ... on level 8 of the Dungeon.
             The game lasted 00:34:05 (10282 turns).

osuadh the Basher (Gargoyle Fighter)               Turns: 10282, Time: 00:34:06

Health: -5/56      AC: 21    Str: 23    XL:     10   Next: 66%
Magic:  10/10      EV:  9    Int: 13    God:    Makhleb [**....]
Gold:   109        SH:  5    Dex:  9    Spells: 9/9 levels left

rFire   . . .        l - +1 mace (holy)
rCold   . . .        c - +0 buckler
rNeg    + + +        b - +0 scale mail
rPois   ∞            A - +2 hat
rElec   +            k - +2 cloak {rCorr}
rCorr   +            w - +1 pair of gloves of Rotini {Str+3 SInv}
SInv    +            (no boots)
Will    ++...        h - amulet of faith Stlth
                     s - ring of positive energy
HPRegen 0.29/turn    u - ring of positive energy
MPRegen 0.12/turn

%: faith
@: no status effects
A: sickness immunity, AC +7, negative energy resistance 1, electricity
resistance, torment resistance 1, petrification resistance, strong-willed 2,
persistent drain
a: Renounce Religion, Minor Destruction


You were on level 8 of the Dungeon.
You worshipped Makhleb.
Makhleb was pleased with you.
You visited 2 branches of the dungeon, and saw 9 of its levels.

You collected 325 gold pieces.
You spent 216 gold pieces at shops.

Inventory:

Hand Weapons
 l - a +1 mace of holy wrath (weapon)
 B - a +2 sling of freezing
 C - a +2 dagger of venom
 D - a +0 whip of flaming
Missiles
 e - 20 poisoned darts (quivered)
 f - 5 boomerangs
Armour
 b - a +0 scale mail (worn)
 c - a +0 buckler (worn)
 k - a +2 cloak of preservation (worn)
 w - the +1 pair of gloves of Rotini (worn) {Str+3 SInv}
   (You found it on level 8 of the Dungeon)

   Str+3:     It affects your strength (+3).
   SInv:      It lets you see invisible.
 A - a +2 hat (worn)
Jewellery
 h - an amulet of faith (around neck)
 s - a ring of positive energy (left hand)
 u - a ring of positive energy (right hand)
 z - a +6 ring of intelligence
Wands
 j - a wand of flame (6)
Scrolls
 d - 2 scrolls of immolation
 i - 4 scrolls of vulnerability
 n - a scroll of enchant weapon {unknown}
 o - 3 scrolls of revelation
 p - 2 scrolls of noise
 q - a scroll of poison {unknown}
 r - 3 scrolls of enchant armour
 t - a scroll of blinking
 v - a scroll of fear {unknown}
 x - a scroll of summoning {unknown}
 y - a scroll of fog {unknown}
Potions
 a - a potion of mutation
 g - a potion of magic
 m - a potion of attraction
 E - a potion of haste


   Skills:
 - Level 3.4 Fighting
 - Level 14.7 Maces & Flails
 - Level 3.4 Armour
 + Level 5.9 Shields


You had 9 spell levels left.
You didn't know any spells.
Your spell library contained the following spells:

 Spells                   Type           Power      Damage    Failure   Level
 Kiss of Death            Conj/Necr      0%         2d5       67%         1
 Summon Small Mammal      Summ           0%         N/A       67%         1
 Call Imp                 Summ           0%         N/A       80%         2
 Call Canine Familiar     Summ           0%         N/A       95%         3
 Confusing Touch          Hex            0%         N/A       95%         3
 Inner Flame              Hex/Fire       0%         N/A       95%         3
 Dispel Undead            Necr           0%         3d6       100%        4
 Summon Blazeheart Golem  Fire/Summ      0%         N/A       100%        4
 Summon Lightning Spire   Summ/Air       0%         N/A       100%        4
 Irradiate                Conj/Alch      0%         3d11      100%        5
 Summon Mana Viper        Hex/Summ       0%         N/A       100%        5
 Summon Hydra             Summ           0%         N/A       100%        7
 Ignition                 Fire           0%         3d3       100%        8
 Dragon's Call            Summ           0%         N/A       100%        9
 Sublimation of Blood     Necr           Unusable   N/A       N/A         2

Dungeon Overview and Level Annotations

Branches:
Dungeon (8/15)             Temple (1/1) D:5
   Lair: D:8-11

Altars:
Ashenzari
Cheibriados
Dithmenos
Elyvilon
Fedhas
Gozag
Hepliaklqana
Kikubaaqudgha
Makhleb
Nemelex Xobeh
Okawaru
Qazlal
Ru
Sif Muna
Trog
Uskayaw
Xom
Yredelemnul
Zin
The Shining One

Shops:
D:2 ?   D:7 ?=(=   D:8 *

Annotations:
D:7 1 runed translucent door, Jeremiah; Maggie; jlumianski's ghost, novice GnSh


Innate Abilities, Weirdness & Mutations

You are immune to sickness and miasma.
Your stone body is resilient. (AC +7)
You are immune to poison.
You resist negative energy. (rN+)
You are resistant to electric shocks. (rElec)
You are resistant to unholy torment.
You are immune to petrification.
You are highly strong-willed. (Will++)
Your health recovers twice as slowly from being drained.


Message History

Makhleb accepts your kill.
The orc warrior shoots a bolt.
The bolt hits you.
The orc priest invokes the aid of Beogh against you.
Beogh smites you!
The orc warrior unwields a +0 arbalest.
The orc warrior wields a +0 battleaxe.
The orc warrior hits you with a +0 battleaxe.
You see here a +0 short sword.
Things that are here:
a +0 dagger; an orc corpse
Okay, then.
Okay, then.
Your movement speed is average.
Your attack delay is about 0.7 (and cannot be improved with additional weapon skill).
Your damage rating with your +1 mace of holy wrath is about 15 (Base 8 x 132% (Str) x 136% (Skill) + 1 (Ench)).
Your base attributes are Str 20, Int 13, Dex 9.
Unknown command.
Things that are here:
a +0 club; a +0 ring mail; a +0 club
As you read the scroll of immolation, it crumbles to dust.
The creatures around you are filled with an inner flame!
The orc warrior closely misses you.
You sock the orc warrior!
Flame seeps out of the orc warrior.
The orc warrior is moderately wounded.
The orc warrior is engulfed in blazing flames.
Flame seeps out of the orc warrior.
The orc warrior hits you with a +0 battleaxe!
You hit the orc warrior but do no damage.
The orc warrior is severely wounded.
You hit the orc warrior but do no damage.
The orc warrior is severely wounded.
The orc warrior is engulfed in blazing flames.
Flame seeps out of the orc warrior.
You block the orc warrior's attack.
You hit the orc warrior. Makhleb accepts your kill.
The orc warrior explodes!
The fiery explosion engulfs the orc warrior!!!
Makhleb accepts your kill.
You feel better. The fiery explosion engulfs you!!!
Ouch! That really hurt!
You die...

########## #o.$oo....
#o#..._... #§#ooo....
#°#ooo.... #@#..o....
#.#.......### #####
#.#########.#
#...#####).#.# #...#
#............####...#
#...###.............#
##.## #.)....###....#
#..# #.......###...#
##.# #.....#.###...#


You could see an orc warrior (inner flame) and an orc.

Vanquished Creatures
  A two-headed ogre (D:7)
  Pikel (D:8)
  Maurice (D:6)
  Joseph (D:8)
  Prince Ribbit (D:8)
  Sigmund (D:3)
  A wyvern (D:8)
  Edmund (D:4)
  A water moccasin (D:6)
  Duvessa (D:5)
  2 orc warriors (D:8)
  2 black bears (D:6)
  An ice beast (D:6)
  2 ogres (D:5)
  4 centaurs
  A phantom (D:7)
  A lemure (D:8)
  3 kobold brigands
  3 bullfrogs
  4 scorpions
  3 wights (D:6)
  Dowan (D:5)
  6 killer bees (D:8)
  4 howler monkeys
  2 jellies (D:6)
  4 orc priests
  Crazy Yiuf (D:3)
  3 hounds
  3 sleepcaps
  5 iguanas
  3 orc wizards
  8 adders
  2 white imps
  2 ufetubi (D:5)
  32 orcs
  5 ball pythons
  4 bats (D:2)
  8 endoplasms
  10 goblins
  3 hobgoblins
  3 jackals (D:2)
  2 frilled lizards
  20 kobolds
  3 rats
170 creatures vanquished.

Notes
Turn   | Place    | Note
-------+----------+-------------------------------------------
     0 | D:1      | osuadh the Gargoyle Fighter began the quest for the Orb.
     0 | D:1      | Reached XP level 1. HP: 14/14 MP: 1/1
   497 | D:1      | You fall into a shaft and drop 1 floor!
   511 | D:2      | Reached XP level 2. HP: 19/19 MP: 2/2
   674 | D:2      | Reached skill level 3 in Maces & Flails
   674 | D:2      | Reached XP level 3. HP: 13/23 MP: 3/3
  1268 | D:2      | Found Zaaqus's Magic Scroll Shoppe.
  1272 | D:2      | Bought a scroll of teleportation for 36 gold pieces
  1950 | D:3      | Noticed Sigmund
  1960 | D:3      | Killed Sigmund
  1961 | D:3      | Reached skill level 5 in Maces & Flails
  1961 | D:3      | Reached XP level 4. HP: 24/28 MP: 4/4
  1961 | D:3      | Reached XP level 5. HP: 27/32 MP: 5/5
  2057 | D:3      | Found a runed translucent door.
  2058 | D:3      | Noticed Crazy Yiuf
  2173 | D:3      | Found a faded altar of an unknown god.
  2353 | D:3      | Killed Crazy Yiuf
  2354 | D:3      | Reached skill level 6 in Maces & Flails
  2354 | D:3      | Reached XP level 6. HP: 7/37 MP: 6/6
  2687 | D:4      | Got the Directory of Production
  3163 | D:4      | Noticed Edmund
  3170 | D:4      | Killed Edmund
  3171 | D:4      | Reached skill level 7 in Maces & Flails
  3171 | D:4      | Reached XP level 7. HP: 27/41 MP: 7/7
  3266 | D:4      | Found a sparkling altar of Nemelex Xobeh.
  3432 | D:5      | Entered Level 5 of the Dungeon
  3565 | D:5      | Reached skill level 8 in Maces & Flails
  3716 | D:5      | Found a staircase to the Ecumenical Temple.
  3733 | Temple   | Entered the Ecumenical Temple
  3943 | D:5      | Noticed Dowan
  3944 | D:5      | Noticed Duvessa
  4422 | D:5      | Gained mutation: You are strong-willed. (Will+) [potion of
                  | mutation]
  4422 | D:5      | Gained mutation: You are highly strong-willed. (Will++)
                  | [potion of mutation]
  4422 | D:5      | Gained mutation: Your health recovers twice as slowly from
                  | being drained. [potion of mutation]
  4427 | D:5      | Killed Duvessa
  4428 | D:5      | Reached skill level 9 in Maces & Flails
  4428 | D:5      | Reached XP level 8. HP: 46/46 MP: 8/8
  4884 | D:5      | Killed Dowan
  5137 | D:5      | Found a sacrificial altar of Ru.
  5367 | D:5      | Reached skill level 10 in Maces & Flails
  5441 | Temple   | Became a worshipper of Makhleb the Destroyer
  5848 | D:6      | Reached skill level 11 in Maces & Flails
  5920 | D:6      | Reached XP level 9. HP: 43/51 MP: 9/9
  6129 | D:6      | Reached skill level 12 in Maces & Flails
  6663 | D:7      | Noticed Jeremiah
  6718 | D:7      | Found Ruicvuar's Jewellery Emporium.
  6856 | D:2      | Bought a scroll of revelation for 90 gold pieces
  6856 | D:2      | Bought a scroll of blinking for 90 gold pieces
  6986 | D:7      | Noticed Maggie
  7039 | D:7      | Noticed Maurice
  7289 | D:7      | Maurice stole 27 gold
  7301 | D:6      | Killed Maurice
  7335 | D:7      | Found Kiruovu's General Store.
  7507 | D:7      | Found a stormy altar of Qazlal.
  7548 | D:7      | Found Gips's Antique Weapon Shop.
  7578 | D:7      | Reached * piety under Makhleb
  7627 | D:7      | Reached skill level 13 in Maces & Flails
  7966 | D:7      | Found a runed translucent door.
  7966 | D:7      | Noticed jlumianski's ghost (novice GnSh)
  7967 | D:7      | Found a shimmering altar of Xom.
  7967 | D:7      | Noticed a +1 short sword of chaos
  8725 | D:7      | Found Yroudoar's Magic Scroll Shoppe.
  9072 | D:8      | Noticed Joseph
  9100 | D:8      | Killed Joseph
  9101 | D:8      | Reached XP level 10. HP: 13/56 MP: 10/10
  9257 | D:8      | Noticed Prince Ribbit
  9262 | D:8      | Noticed a two-headed ogre
  9264 | D:7      | Found Hyhat's Jewellery Shop.
  9384 | D:6      | Found a basalt altar of Yredelemnul.
  9417 | D:7      | Killed a two-headed ogre
  9418 | D:7      | Reached skill level 14 in Maces & Flails
  9625 | D:8      | Killed Prince Ribbit
  9832 | D:8      | Identified the +1 pair of gloves of Rotini {Str+3 SInv}
  9860 | D:8      | Found Gaopen's Neck Hole.
 10008 | D:8      | Reached ** piety under Makhleb
 10034 | D:8      | Noticed Pikel
 10073 | D:8      | Killed Pikel
 10074 | D:8      | Reached skill level 5 in Shields
 10282 | D:8      | Killed by an exploding orc warrior... ignited by their
                  | inner flame

Illustrated notes

Levels and vault maps discovered:
D:1:      dpeg_arrival_snail, layout_basic
D:2:      layout_loops_ring, serial_shops, nicolae_shop_hallway_stairs
D:3:      layout_rooms, basic_ecumenical_altar, uniq_sigmund,
          uniq_crazy_yiuf_cottage
D:4:      layout_loops_ring, nemelex_diamond_rough_becter, uniq_edmund
D:5:      layout_basic, nicolae_ru_path_of_blood,
          minmay_temple_entry_nine_rooms, uniq_duvessa
D:6:      nicolae_cairo_tiling_large_dashed, layout_basic,
          nicolae_overflow_hidden_temple, hangedman_minor_gate_pass
D:7:      layout_cave_pools, nicolae_qazlal_eye_of_the_storm, ebering_ghost_xom,
          serial_shops, nicolae_shop_tiny_waterfront, shop,
          nicolae_diamond_shop, shop, shop, uniq_maurice, uniq_jeremiah,
          uniq_maggie
D:8:      layout_rooms, kennysheep_little_box, lair_entry_dummy, special_room
          [special_room_orc], nicolae_shop_sticking_my_neck_out,
          uniq_prince_ribbit1, uniq_joseph, uniq_pikel
Temple:   minmay_temple_bridge_d

Skill      XL: |  1  2  3  4  5  6  7  8  9 10 |
---------------+-------------------------------+-----
Maces & Flails | 3 5 6 7 9 11 13 14 | 14.7
Shields        | 5 |  5.9
Fighting       | |  3.4
Armour         | |  3.4

Action                     |  1- 3 |  4- 6 |  7- 9 | 10-12 || total
---------------------------+-------+-------+-------+-------++-------
  Melee: Flail             |    99 |    37 |       |       ||   136
         Mace              |       |    54 |   451 |   233 ||   738
         Dagger            |       |       |     1 |    21 ||    22
  Throw: Dart              |     1 |     3 |    20 |     4 ||    28
    Use: Potion            |     2 |     3 |     9 |       ||    14
         Scroll            |       |       |     6 |     2 ||     8
 Armour: Scale mail        |    89 |    48 |   354 |   164 ||   655
         Skin              |       |       |    27 |       ||    27
  Dodge: Dodged            |    59 |    29 |   158 |    85 ||   331
  Block: Buckler           |    24 |    15 |    81 |    47 ||   167

Table legend: (Time is in decaauts)
 A = Elapsed time spent in this place.
 B = Non-inter-level travel time spent in this place.
 C = Inter-level travel time spent in this place.
 D = Time resting spent in this place.
 E = Time spent auto-exploring this place.
 F = Levels seen in this place.
 G = Mean time per level.
                   A        B        C        D        E       F      G
               +--------+--------+--------+--------+--------+-----+--------+
         Total |  10213 |   8900 |   1313 |   2384 |   4154 |   9 | 1134.8 |
       Dungeon |   9915 |   8888 |   1027 |   2384 |   4154 |   8 | 1239.4 |
        Temple |    298 |     12 |    286 |      0 |      0 |   1 |  298.0 |
               +--------+--------+--------+--------+--------+-----+--------+

Top non-repeatable levels by time:
     D:6: 2437 daAuts
     D:5: 1489 daAuts
     D:4: 1340 daAuts
     D:7: 1205 daAuts
     D:2: 986 daAuts
     D:1: 986 daAuts
     D:8: 805 daAuts
     D:3: 663 daAuts
  Temple: 298 daAuts
